 Dungeon Crawl Stone Soup version 0.29-a0-1047-g7c58e119a4 (webtiles) character file.

Game seed: 11607326325812435865

928 Azareth the Trooper (level 7, 0/96 HPs)
             Began as a Minotaur Berserker on Aug 13, 2022.
             Was a Believer of Trog.
             Slain by Duvessa
             ... wielding a +2 short sword of venom
              (14 damage)
             ... on level 5 of the Dungeon on Aug 16, 2022.
             The game lasted 00:09:19 (4318 turns).

Azareth the Trooper (Minotaur Berserker)            Turns: 4318, Time: 00:09:21

Health: 0/96       AC: 23    Str: 24    XL:     7   Next: 85%
Magic:  6/6        EV:  2    Int:  2    God:    Trog [**....]
Gold:   292        SH:  0    Dex:  9    Spells: 6/6 levels left

rFire   . . .      SeeInvis .   a - +0 hand axe
rCold   . . .      Faith    .   (no shield)
rNeg    . . .      Spirit   .   (body armour currently unavailable)
rPois   +          Reflect  .   (helmet unavailable)
rElec   .          Harm     .   (cloak currently unavailable)
rCorr   .          Rampage  .   (gloves currently unavailable)
Will    .....      NoTele   +   (boots currently unavailable)
Stlth   +.........              (no amulet)
HPRegen 0.26/turn               r - ring of poison resistance
MPRegen 0.10/turn               (no ring)

@: lethally poisoned (0 -> -11), tree-form, on berserk cooldown, slowed, very
slow
A: stationary, stasis, torment immunity, boosted hp, (horns 3), (retaliatory
headbutt), dopey 1, subdued magic 1
a: Renounce Religion, Berserk, Trog's Hand


You were on level 5 of the Dungeon.
You worshipped Trog.
Trog was pleased with you.
You were a tree.
You visited 1 branch of the dungeon, and saw 5 of its levels.

You collected 292 gold pieces.

Inventory:

Hand Weapons
 a - a +0 hand axe (weapon)
Missiles
 l - 3 poisoned darts (quivered)
Armour
 b - a +0 animal skin
 j - a +0 plate armour (melded)
Jewellery
 r - a ring of poison resistance (left branch)
Wands
 c - a wand of charming (12)
Scrolls
 d - 3 scrolls of enchant armour {unknown}
 e - 3 scrolls of poison {unknown}
 g - a scroll of immolation {unknown}
 h - 3 scrolls of vulnerability
 i - a scroll of teleportation
 o - a scroll of fog {unknown}
 p - a scroll of magic mapping {unknown}
 q - a scroll of noise {unknown}
 s - 2 scrolls of identify
Potions
 f - a potion of mutation
 m - a potion of degeneration {unknown}
 n - 2 potions of might
 t - a potion of curing {unknown}


   Skills:
 + Level 6.8 Fighting
 + Level 6.5 Axes
 + Level 5.6 Armour
 + Level 5.1 Dodging


You had 6 spell levels left.
You didn't know any spells.
Your spell library was empty.

Dungeon Overview and Level Annotations

Branches:
Dungeon (5/15)
 Temple: D:4-7

Altars:
Elyvilon
Nemelex Xobeh
Wu Jian
Yredelemnul
Zin

Shops:
D:3 :

Portals:
Abyss: D:4

Annotations:
D:4 2 transporters, Peppero's ghost, novice GnCj
D:5 1 runed translucent door, Duvessa


Innate Abilities, Weirdness & Mutations

You are a tree.
Your roots penetrate the ground, keeping you stationary.
You cannot be teleported.
You are immune to unholy pain and torment.
Your maximum health is greatly increased.
Your equipment is partially melded.
((You have a pair of large horns on your head.))
((You reflexively headbutt those who attack you in melee.))
You are dopey. (Int -2)
Your spells are a little easier to cast, but a little less powerful.


Message History

You miss Dowan.
You feel sick.
Duvessa hits you with a +2 short sword of venom.
You are more poisoned.
Dowan closely misses you.
You barely miss Dowan.
Dowan is almost dead.
You closely miss Duvessa.
You are no longer berserk.
You are exhausted.
You feel yourself slow down.
You feel very sick. Duvessa hits you but does no damage.
You are more poisoned.
You hit Duvessa but do no damage.
Duvessa is heavily wounded.
You hit Dowan.
You kill Dowan!
Trog accepts your kill.
Trog appreciates your killing of a magic user.
Duvessa screams in rage.
Duvessa goes berserk!
You feel extremely sick.
Duvessa hits you with a +2 short sword of venom.
You are more poisoned.
Duvessa hits you with a +2 short sword of venom.
You slash Duvessa! You headbutt Duvessa!
Duvessa is almost dead.
* * * LOW HITPOINT WARNING * * *
You feel extremely sick. Duvessa closely misses you.
Duvessa hits you with a +2 short sword of venom.
* * * LOW HITPOINT WARNING * * *
Really quaff the potion of lignification?
You turn into a tree.
Your +0 plate armour melds into your body.
Your roots penetrate the ground.
* * * LOW HITPOINT WARNING * * *
You feel very sick.
Duvessa hits you with a +2 short sword of venom!
You die...

####..........# #
#..........#.
####..........#.
..............#.
.....##.......#.
.....##.......#.
.....#######..#.##
.....# ###..#)e#
.....# #....##♣#
.....# #.#.###.#
##'#######.#.....#
##.# #.......#.###
##.###.#######.#
#......#.....#.###
#######......#...#
.....##......#.#.##
.....##......#....#


You could see Duvessa (berserk, fast).

Vanquished Creatures
  A water moccasin (D:5)
  2 black bears (D:4)
  A necrophage (D:5)
  2 scorpions
  Dowan (D:5)
  2 jellies (D:5)
  An orc priest (D:4)
  4 hounds
  4 iguanas
  2 adders
  A worm (D:3)
  A dart slug (D:4)
  7 orcs
  8 ball pythons
  5 endoplasms
  3 giant cockroaches
  3 goblins
  4 hobgoblins
  3 jackals (D:3)
  6 kobolds
  2 quokkas
  4 bats
  3 frilled lizards
  A jackal skeleton (D:5)
  A kobold zombie (D:5)
  3 rats
75 creatures vanquished.

Vanquished Creatures (others)
  11 fungi (D:4)
  3 toadstools (D:4)
14 creatures vanquished.

Grand Total: 89 creatures vanquished

Notes
Turn   | Place    | Note
-------+----------+-------------------------------------------
     0 | D:1      | Azareth the Minotaur Berserker began the quest for the Orb.
     0 | D:1      | Reached XP level 1. HP: 19/19 MP: 0/0
   341 | D:1      | Reached XP level 2. HP: 16/27 MP: 1/1
  1092 | D:2      | Found a faded altar of an unknown god.
  1093 | D:2      | Upgraded the game from 0.29-a0-1027-gcd8c55af63 to
                  | 0.29-a0-1047-g7c58e119a4
  1266 | D:2      | You fall into a shaft and drop 2 floors!
  1295 | D:4      | Reached XP level 3. HP: 15/34 MP: 2/2
  1487 | D:4      | Found a transporter.
  1500 | D:4      | Found a sparkling altar of Nemelex Xobeh.
  1505 | D:4      | Found a glowing silver altar of Zin.
  1527 | D:3      | Reached ** piety under Trog
  1530 | D:3      | Reached XP level 4. HP: 37/41 MP: 3/3
  1610 | D:3      | Found Vimn's Book Boutique.
  2143 | D:3      | Found an ornate altar of the Wu Jian Council.
  2307 | D:4      | Noticed a black bear
  2322 | D:3      | Reached skill level 5 in Fighting
  2392 | D:4      | Noticed a scorpion
  2401 | D:4      | Killed a scorpion
  2402 | D:4      | Reached XP level 5. HP: 30/48 MP: 4/4
  2609 | D:4      | Noticed a black bear
  2619 | D:4      | Killed a black bear
  2620 | D:4      | Reached skill level 5 in Axes
  2620 | D:4      | Reached XP level 6. HP: 41/56 MP: 5/5
  2841 | D:4      | Found a transporter.
  2846 | D:4      | Found a one-way gate to the infinite horrors of the Abyss.
  2846 | D:4      | Noticed Peppero's ghost (novice GnCj)
  3232 | D:5      | Entered Level 5 of the Dungeon
  3245 | D:5      | Reached XP level 7. HP: 59/63 MP: 6/6
  3485 | D:5      | Reached skill level 5 in Armour
  3524 | D:5      | Gained mutation: Your spells are a little easier to cast,
                  | but a little less powerful. [potion of mutation]
  3524 | D:5      | Gained mutation: You are dopey. (Int -2) [potion of
                  | mutation]
  3524 | D:5      | Gained mutation: You have a pair of large horns on your
                  | head. [potion of mutation]
  3783 | D:5      | Found a white marble altar of Elyvilon.
  4078 | D:5      | Found a runed translucent door.
  4078 | D:5      | Noticed a human
  4084 | D:5      | Found a basalt altar of Yredelemnul.
  4217 | D:5      | Reached skill level 5 in Dodging
  4304 | D:5      | Noticed Duvessa
  4304 | D:5      | Noticed Dowan
  4316 | D:5      | Killed Dowan
  4318 | D:5      | Slain by Duvessa

Illustrated notes

Levels and vault maps discovered:
D:1:      dpeg_arrival_concentric_ovals, layout_basic,
          minmay_misc_feat_diagonals
D:2:      layout_loops_ring, hellmonk_ecumenical_altar_heavens_door,
          st_stairs_3, minmay_misc_feat_rugged, uniq_crazy_yiuf_cottage
D:3:      layout_basic, nicolae_wu_jian_immortal_techniques, serial_shops,
          nicolae_shop_advertising_works [nicolae_subvault_shop_adworks]
D:4:      layout_loops_ring, grunt_temple_overflow_open,
          gammafunk_ghost_abyssal_escape, minmay_gold_behind_fungi
D:5:      layout_basic, dk_yredelemnul_ordeal,
          mainiacjoe_overflow_six_doors_small, uniq_duvessa

Skill      XL: |  1  2  3  4  5  6  7 |
---------------+----------------------+-----
Fighting       | 4 5 6 |  6.8
Axes           | 4 5 6 |  6.5
Armour         | 3 4 5 |  5.6
Dodging        | 3 4 5 |  5.1

Action                   |  1- 3 |  4- 6 |  7- 9 || total
-------------------------+-------+-------+-------++-------
Melee: Hand axe          |    65 |    80 |    68 ||   213
       Punch             |     1 |     1 |       ||     2
       Headbutt          |     4 |    10 |    13 ||    27
Invok: Berserk           |       |       |     1 ||     1
  Use: Potion            |     1 |       |     6 ||     7
       Scroll            |       |     4 |       ||     4
Armor: Animal skin       |     8 |       |       ||     8
       Plate armour      |    20 |    58 |    34 ||   112
Dodge: Dodged            |    36 |    38 |    30 ||   104

Table legend: (Time is in decaauts)
 A = Elapsed time spent in this place.
 B = Non-inter-level travel time spent in this place.
 C = Inter-level travel time spent in this place.
 D = Time resting spent in this place.
 E = Time spent auto-exploring this place.
 F = Levels seen in this place.
 G = Mean time per level.
                   A        B        C        D        E       F      G
               +--------+--------+--------+--------+--------+-----+--------+
         Total |   4306 |   4151 |    155 |      0 |   3635 |   5 |  861.2 |
       Dungeon |   4306 |   4151 |    155 |      0 |   3635 |   5 |  861.2 |
               +--------+--------+--------+--------+--------+-----+--------+

Top non-repeatable levels by time:
     D:4: 1165 daAuts
     D:5: 1064 daAuts
     D:1: 1062 daAuts
     D:3: 807 daAuts
     D:2: 207 daAuts
